AoeStats
← The Rule

Arena

509910075Analyzed
4v4 RM · 3d ago on Sep 28, 2026· 51m 39s· 8 players
Game mode
Random Map
Map size
Large (8 player)
Population
200
Speed
Normal
Resources
Standard
Victory
Conquest
Starting age
Dark Age
Ending age
Imperial Age
RankedLock teamsTeams togetherTeam positionsShared explorationLock speedFull tech treeHidden civsTurbo modeCheats
Victory
Defeat
🇱🇹 Goths · Lithuania
998
+15
🇵🇱 Bohemians · Poland
983
+16
🇪🇸 Mongols · Spain
983
+16
🇬🇧 Danes · United Kingdom
973
+16
🇮🇹 Britons · Italy
1020
-17
🇨🇿 Franks · Czechia
1005
-17
🇦🇷 Bohemians · Argentina
965
-29
🇦🇷 Celts · Argentina
945
-14
IM JIMMY. BOT JIMMY
10:33 Feudal Age
11:12 Double-Bit Axe
11:09 Horse Collar
18:53 Castle Age
16:47 Loom
18:31 Wheelbarrow
19:59 Heavy Plow
20:10 Bow Saw
19:56 Elite Skirmisher
21:06 Fletching
21:18 Padded Archer Armor
22:47 Ballistics
24:59 Bodkin Arrow
28:53 Leather Archer Armor
33:00 Imperial Age
30:48 Hand Cart
34:21 Chemistry
33:16 Murder Holes
34:32 Bracer
35:02 Ring Archer Armor
35:00 Masonry
34:13 Elite Hussite Wagon
35:27 Conscription
34:30 Houfnice
37:48 Forging
39:39 Two-Man Saw
39:13 Fervor
39:40 Caravan
52:46 Architecture
52:22 Siege Engineers
The Rule
4:40 Loom
11:07 Feudal Age
12:08 Double-Bit Axe
15:51 Castle Age
14:50 Horse Collar
15:11 Gold Mining
16:47 Bow Saw
23:17 Wheelbarrow
22:50 Stone Mining
26:49 Bloodlines
26:50 Scale Barding Armor
26:56 Forging
29:47 Husbandry
29:40 Town Watch
32:25 Heavy Plow
33:38 Gold Shaft Mining
33:20 Hand Cart
34:36 Chain Barding Armor
34:52 Iron Casting
37:17 Imperial Age
35:10 Ballistics
34:58 Padded Archer Armor
34:48 Fletching
35:24 Hand Cart
35:02 Elite Skirmisher
35:49 Thumb Ring
36:12 Town Patrol
36:02 Light Cavalry
38:50 Conscription
38:16 Elite Steppe Lancer
40:18 Leather Archer Armor
40:00 Bodkin Arrow
42:44 Elite Mangudai
46:15 Chemistry
45:18 Bracer
46:19 Blast Furnace
45:28 Hussar
46:33 Nomads
50:35 Scale Mail Armor
KCPR
2:32 Loom
11:51 Feudal Age
13:10 Wheelbarrow
12:22 Double-Bit Axe
13:19 Horse Collar
14:00 Gold Mining
17:49 Man-at-Arms
18:19 Arson
22:26 Castle Age
20:58 Stone Mining
24:42 Gold Shaft Mining
24:18 Heavy Plow
24:29 Bow Saw
25:46 Squires
26:29 Scale Mail Armor
26:40 Forging
29:30 Chain Mail Armor
33:49 Iron Casting
36:48 Imperial Age
35:10 Hand Cart
36:05 Hamask
37:09 Elite Jomsviking
38:44 Plate Mail Armor
42:29 Blast Furnace
43:38 Siege Engineers
43:47 Masonry
44:31 Conscription
Kobe
4:11 Loom
10:22 Feudal Age
14:59 Castle Age
14:34 Double-Bit Axe
22:41 Horse Collar
25:24 Pikeman
34:51 Gold Mining
36:02 Anarchy
35:27 Elite Skirmisher
35:59 Fletching
36:10 Padded Archer Armor
37:22 Wheelbarrow
36:51 Heavy Plow
37:03 Bow Saw
37:51 Bodkin Arrow
38:12 Leather Archer Armor
46:04 Imperial Age
45:31 Hand Cart
46:09 Elite Huskarl
47:05 Forging
46:55 Scale Mail Armor
48:26 Iron Casting
48:43 Chain Mail Armor
51:04 Blast Furnace
50:10 Perfusion
50:31 Conscription
52:23 Two-Man Saw
51:54 Crop Rotation
forestero
9:50 Feudal Age
15:01 Castle Age
12:54 Horse Collar
14:00 Double-Bit Axe
18:49 Wheelbarrow
18:50 Heavy Plow
20:11 Gold Mining
21:26 Bow Saw
22:37 Loom
22:49 Fletching
23:42 Treadmill Crane
24:26 Stone Mining
25:38 Fortified Wall
25:49 Squires
26:45 Yeomen
26:21 Crossbowman
27:05 Padded Archer Armor
27:39 Ballistics
29:03 Bodkin Arrow
29:47 Elite Skirmisher
29:53 Pikeman
30:55 Arson
32:23 Forging
32:14 Scale Mail Armor
32:31 Leather Archer Armor
32:22 Murder Holes
35:42 Imperial Age
35:08 Caravan
37:26 Two-Man Saw
36:45 Hand Cart
35:55 Elite Longbowman
36:59 Conscription
37:52 Chemistry
36:59 Bracer
40:14 Gold Shaft Mining
40:16 Ring Archer Armor
40:22 Iron Casting
39:57 Siege Engineers
41:56 Hoardings
41:35 Town Watch
42:59 Arbalester
Antragonor.
10:21 Feudal Age
10:07 Loom
15:32 Castle Age
14:05 Double-Bit Axe
14:26 Horse Collar
17:24 Man-at-Arms
17:51 Gambesons
20:26 Long Swordsman
22:41 Forging
26:53 Wheelbarrow
26:59 Iron Casting
31:59 Pikeman
35:36 Imperial Age
34:06 Heavy Plow
34:28 Bow Saw
34:12 Arson
34:30 Scale Mail Armor
35:51 Chain Mail Armor
35:44 Gold Mining
35:46 Capped Ram
35:55 Two-Handed Swordsman
36:45 Champion
38:40 Halberdier
42:53 Conscription
naskem_
2:34 Loom
11:49 Feudal Age
16:13 Castle Age
21:03 Chemistry
25:20 Wagenburg Tactics
25:42 Ballistics
31:12 Imperial Age
32:31 Conscription
32:45 Horse Collar
32:53 Double-Bit Axe
35:21 Siege Engineers
37:26 Houfnice
43:53 Fletching
jakubpekar
11:35 Feudal Age
9:52 Loom
15:47 Castle Age
15:01 Double-Bit Axe
18:47 Bow Saw
24:02 Stone Mining
24:38 Gold Mining
27:26 Husbandry
29:14 Fletching
29:25 Padded Archer Armor
33:43 Wheelbarrow
34:44 Hand Cart
35:10 Scale Barding Armor
37:10 Town Watch
40:49 Ordonnance Companies
44:26 Imperial Age
43:44 Town Patrol
44:56 Cavalier
46:04 Conscription
46:24 Paladin
49:36 Forging
49:31 Scale Barding Armor
Connection lost

Rejoining the realm…

Still unreachable

The connection could not be restored.

Session expired

The server has moved on; the page needs a fresh start.